 Dungeon Crawl Stone Soup version 0.21-a0-137-g951aa02 (webtiles) character file.

8 namelastname112 the Scratcher (level 2, -2/14 HPs)
             Began as a Felid Chaos Knight on July 18, 2017.
             Slain by a quokka (6 damage)
             ... on level 2 of the Dungeon.
             The game lasted 00:00:41 (441 turns).

namelastname112 the Scratcher (Felid Chaos Knight)   Turns: 441, Time: 00:00:42

Health: -2/14      AC:  1    Str:  8    XL:     2   Next: 0%
Magic:  3/3        EV: 18    Int: 13    God:    Xom [..*...]
Gold:   58         SH:  0    Dex: 15    Spells: 1/1 levels left
                                        Lives:  0   Deaths: 0

rFire    . . .     SeeInvis +     - Unarmed
rCold    . . .     Gourm    .   (shield unavailable)
rNeg     . . .     Faith    .   (armour unavailable)
rPois    .         Spirit   .   (helmet unavailable)
rElec    .         Reflect  .   (cloak unavailable)
rCorr    .         Harm     .   (gloves unavailable)
MR       .....                  (boots unavailable)
Stlth    ++........             (no amulet)
HPRegen  0.04/turn              (no ring)
MPRegen  0.08/turn              (no ring)

@: quick
A: no armour, no weapons or thrown items, stealth, claws 1, fangs 3, see
invisible, carnivore 3, speed 1, shaggy fur 1, slow metabolism 1, sharp paws
a: Renounce Religion


You were on level 2 of the Dungeon.
You worshipped Xom.
You were a toy of Xom.
You were not hungry.

You visited 1 branch of the dungeon, and saw 2 of its levels.

You collected 58 gold pieces.

Inventory:

Jewellery
 h - an uncursed amulet of faith {unknown}
Scrolls
 b - a scroll of recharging {unknown}
 c - 2 scrolls of identify {unknown}
 d - a scroll of enchant weapon {unknown}
 g - a scroll of fog {unknown}
 i - a scroll of remove curse {unknown}
Potions
 e - a potion of curing {unknown}
 f - a potion of agility {unknown}
Comestibles
 a - a meat ration
 j - 2 royal jellies


   Skills:
 + Level 3.0 Fighting
 + Level 3.2 Dodging
 + Level 1.1 Stealth
 * Level 3.3 Unarmed Combat


You had one spell level left.
You didn't know any spells.

Dungeon Overview and Level Annotations

Branches:
Dungeon (2/15)

Altars:


Innate Abilities, Weirdness & Mutations

You cannot wear armour.
You are incapable of wielding weapons or throwing items.
Your paws allow you to move quietly. (Stealth)
You have sharp claws.
You have razor-sharp teeth.
You have supernaturally acute eyesight. (SInv)
You are carnivorous and can eat meat at any time.
You cover ground quickly.
You are covered in fur. (AC +1)
You have a slow metabolism.
Your sharp claws are effective at attacking unaware monsters.


Message History

The quokka is moderately wounded.
The quokka is engulfed in seething chaos.
The quokka bites you.
* * * LOW HITPOINT WARNING * * *
The worm is engulfed in seething chaos.
The worm seems to slow down.
Xom is highly amused!
You take 1 damage, and have 4/14 hp.
You scratch the quokka but do no damage.
The quokka is lightly wounded.
The quokka is engulfed in seething chaos.
The quokka seems to slow down.
Xom is highly amused! x2
The quokka completely misses you.
You scratch the quokka.
The quokka is severely wounded.
The quokka is engulfed in seething chaos.
The quokka shakes off its lethargy.
The quokka goes berserk!
Xom thinks this is hilarious!
The quokka bites you.
You die...

######.#.##.## #...
#.#.##.# #..####
#......# ###(....#
##...### #.......
#...######....#
#........#..ยง<#
####...####.#)...#
.............#w#.##.#
............@r........
.............###$###.#
#........###.# #.#
##...###.. ..# #.#
##.. #.##### #.. ##.
#.# ## ..# ..


You could see a worm and a quokka (berserk).

Vanquished Creatures
  A bat (D:1)
  4 goblins (D:1)
  A kobold (D:1)
  A rat (D:1)
7 creatures vanquished.

Notes
Turn   | Place    | Note
-------+----------+-------------------------------------------
     0 | D:1      | namelastname112 the Felid Chaos Knight began the quest for the Orb.
     0 | D:1      | Reached XP level 1. HP: 10/10 MP: 2/2
    45 | D:1      | Reached skill level 1 in Stealth
   286 | D:1      | Reached XP level 2. HP: 14/14 MP: 3/3
   393 | D:1      | XOM: cloud trail
   414 | D:1      | You fall through a shaft!
   441 | D:2      | Slain by a quokka

Vault maps used:
D:1:      saegor_arrival_simple_c, serial_forest, infiniplex_forest_corner_2,
          infiniplex_forest_join, infiniplex_forest_clump_large,
          infiniplex_forest_lined_2, infiniplex_forest_lined_room_2,
          infiniplex_forest_clump_tiny
D:2:      first_bread, nemelex_spade_bored_becter

Skill      XL: |  1 |
---------------+----+-----
Stealth        | 1 |  1.1
Fighting       | |  3.0
Dodging        | |  3.2
Unarmed Combat | |  3.3

Action                   || total
-------------------------++-------
Melee: Unarmed           ||    22
       Bite              ||     1
 Stab: Sleeping          ||     2
Armor: Skin              ||     4
Dodge: Dodged            ||    13
